Map: Ever Dream LE

Players

LiquidTLO (TLO) - Winner!

  • Race: Zerg Zerg
  • League: Master
  • Spawn Location: 7:00

Creature

  • Race: Protoss Protoss
  • Spawn Location: 1:00

Event: DreamHack SC2 Masters 2020 Summer North America

VOD

Have the link to the VOD?

Description

Time

  • Played on: June 30, 2020, 4:10 p.m.
  • Length: 9:42

All games in this series

Show
View Real Time Build Order
Export as new Build Order

LiquidTLO Zerg - Winner!

Build Orders: Hatch First 

Get SALT Encoding   

  12  0:00  Drone  
  13  0:12  Overlord  
  13  0:16  Drone  
  14  0:31  Drone x2  
  16  0:47  Drone  
  17  0:51  Drone  
  17  0:56  Hatchery  
  17  1:01  Extractor  
  16  1:09  Spawning Pool  
  15  1:13  Drone  
  15  1:16  Drone  
  17  1:20  Drone  
  18  1:29  Drone  
  19  1:39  Drone  
  20  1:49  Overlord  
  20  1:56  Queen  
  22  2:04  Zergling x2, Metabolic Boost, Extractor  
  24  2:08  Zergling x2  
  24  2:09  Queen  
  24  2:12  Drone  
  27  2:19  Drone  
  28  2:24  Drone  
  29  2:33  Drone  
  30  2:42  Zergling x2  
  30  2:43  Hatchery  
  30  2:45  Drone  
  30  2:50  Overlord  
  31  2:55  Drone  
  33  2:58  Drone  
  33  3:01  Drone  
  33  3:05  Drone x2  
  35  3:08  Overlord  
  35  3:10  Drone  
  35  3:12  Drone  
  38  3:18  Queen  
  40  3:24  Overlord  
  40  3:28  Drone  
  40  3:30  Drone  
  42  3:35  Roach Warren, Drone  
  42  3:36  Drone  
  42  3:38  Drone  
  42  3:40  Drone  
  45  3:42  Drone  
  45  3:45  Drone  
  47  3:50  Drone  
  47  3:51  Drone  
  47  3:52  Drone  
  50  3:58  Overlord  
  50  4:02  Overlord  
  50  4:06  Drone x2  
  52  4:16  Lair, Zergling x2  
  52  4:17  Zergling x6  
  54  4:20  Roach  
  54  4:21  Roach x3  
  64  4:27  Roach x2  
  64  4:29  Zergling x2  
  64  4:30  Drone  
  70  4:32  Drone  
  70  4:33  Drone  
  72  4:40  Drone  
  72  4:41  Roach  
  72  4:43  Zergling x2  
  74  4:46  Extractor x2  
  74  4:47  Extractor  
  74  4:49  Drone  
  74  4:50  Spore Crawler  
  74  4:51  Zergling x2  
  74  4:52  Zergling x2  
  73  4:53  Zergling x2  
  73  4:54  Zergling x2  
  73  4:55  Zergling x4  
  73  4:57  Roach  
  73  4:58  Roach  
  81  5:06  Overlord x3  
  81  5:12  Overlord  
  81  5:21  Overlord  
  81  5:22  Spore Crawler  
  81  5:23  Glial Reconstitution  
  81  5:26  Roach x2  
  81  5:27  Drone, Zergling x4  
  81  5:28  Zergling x2  
  88  5:31  Overseer  
  88  5:35  Roach  
  90  5:40  Roach  
  90  5:41  Drone  
  93  5:46  Drone  
  93  5:47  Drone x2  
  91  5:51  Overlord  
  91  5:54  Drone x5  
  96  6:03  Roach  
  100  6:04  Roach, Spore Crawler  
  100  6:05  Roach  
  100  6:06  Roach  
  100  6:07  Drone  
  100  6:08  Zergling x2  
  105  6:11  Roach  
  105  6:16  Roach  
  109  6:19  Roach x2  
  109  6:23  Roach x2  
  109  6:24  Roach  
  111  6:27  Roach  
  111  6:28  Roach  
  111  6:29  Roach  
  110  6:33  Drone x2  
  110  6:36  Zergling x2  
  110  6:38  Drone  
  110  6:39  Drone, Extractor  
  114  6:40  Drone, Extractor  
  114  6:41  Drone  
  114  6:42  Drone  
  114  6:45  Drone  
  116  6:48  Drone, Spire  
  116  6:49  Drone  
  116  6:51  Drone  
  116  6:52  Drone  
  116  6:53  Drone  
  118  7:02  Overlord  
  118  7:08  Overseer  
  118  7:14  Hatchery, Drone  
  118  7:15  Drone x7  
  121  7:26  Zergling x2  
  121  7:29  Roach  
  122  7:32  Overlord x3  
  122  7:36  Hatchery  
  120  7:37  Overlord  
  120  7:40  Overlord  
  120  8:03  Mutalisk x8  
  136  8:05  Mutalisk  
  138  8:13  Zergling x2  
  138  8:15  Roach  
  138  8:16  Roach  
  138  8:17  Roach x2  
  138  8:19  Zergling x2  
  148  8:20  Overlord  
  148  8:21  Mutalisk  
  148  8:22  Zergling x2  
  148  8:23  Zergling x2  
  148  8:24  Hatchery  
  151  8:27  Drone  
  151  8:28  Evolution Chamber, Drone x5  
  151  8:29  Baneling Nest  
  151  8:33  Mutalisk  
  156  8:36  Mutalisk  
  156  8:38  Unknown  
  157  8:42  Mutalisk  
  159  8:49  Zergling x2  
  154  8:56  Zergling x6  
  154  8:59  Overlord x2  
  154  9:01  Roach x9  
  169  9:13  Overlord  
  169  9:18  Overlord  
  169  9:20  Roach  
  169  9:21  Roach  
Show
View Real Time Build Order
Export as new Build Order

Creature Protoss 

Build Orders: 1 Gate Expand, Zealot Archon, Archon Drop 

Get SALT Encoding   

  12  0:00  Probe  
  13  0:13  Probe  
  14  0:18  Pylon  
  14  0:25  Probe  
  15  0:36  Probe  
  15  0:38  Gateway  
  16  0:44  Probe  
  17  0:50  Assimilator  
  17  0:55  Probe  
  18  1:07  Probe  
  19  1:19  Probe  
  20  1:27  Nexus  
  20  1:38  Cybernetics Core  
  21  1:40  Probe  
  21  1:48  Assimilator  
  21  1:52  Probe  
  22  1:56  Pylon  
  22  2:04  Adept, Probe  
  23  2:15  Warp Gate  
  25  2:16  Probe  
  26  2:26  Twilight Council  
  26  2:28  Probe  
  27  2:34  Stalker  
  29  2:37  Probe x2  
  31  2:45  Probe x2  
  33  2:54  Probe  
  34  2:59  Robotics Facility, Probe  
  34  3:05  Resonating Glaives  
  35  3:06  Probe  
  35  3:11  Probe  
  37  3:14  Gateway  
  38  3:20  Probe  
  38  3:22  Adept  
  38  3:25  Probe  
  41  3:32  Gateway  
  41  3:35  Gateway  
  41  3:38  Probe  
  41  3:40  Warp Prism  
  42  3:42  Probe  
  45  3:56  Pylon  
  45  3:57  Probe  
  45  3:58  Assimilator  
  46  4:05  Dark Shrine  
  46  4:13  Pylon  
  46  4:14  Probe x2  
  46  4:15  Adept x2  
  52  4:26  Probe x2  
  52  4:28  Assimilator  
  52  4:30  Pylon  
  54  4:35  Pylon  
  54  4:39  Adept x3  
  54  4:42  Adept  
  62  4:48  Probe  
  62  4:50  Pylon  
  63  4:55  Probe  
  64  5:00  Probe  
  64  5:03  Adept x2  
  64  5:04  Adept x2  
  73  5:14  Pylon  
  73  5:15  Probe  
  73  5:20  Probe  
  75  5:31  Dark Templar x4  
  83  5:49  Nexus  
  83  5:51  Pylon  
  83  5:54  Probe  
  84  5:59  Observer  
  84  6:00  Archon  
  84  6:04  Archon  
  84  6:06  Probe  
  86  6:15  Probe  
  86  6:16  Adept x3  
  86  6:17  Adept  
  89  6:28  Immortal  
  81  6:37  Probe  
  82  6:43  Forge  
  82  6:45  Charge  
  82  6:46  Gateway  
  82  6:48  Gateway x2  
  82  6:51  Probe  
  82  6:52  Gateway, Sentry x2  
  82  6:53  Zealot x2  
  91  6:55  Shield Battery  
  91  7:04  Shield Battery  
  91  7:06  Pylon  
  91  7:09  Immortal  
  91  7:15  Zealot x3  
  99  7:18  Zealot  
  99  7:19  Protoss Ground Weapons Level 1  
  99  7:20  Probe  
  99  7:21  Probe x2  
  99  7:32  Probe  
  99  7:33  Probe x2  
  102  7:44  Probe  
  102  7:45  Immortal, Probe  
  102  7:46  Pylon  
  102  7:47  Zealot  
  110  7:53  Probe  
  110  7:56  Pylon  
  110  7:57  Templar Archives  
  111  8:02  Probe  
  112  8:07  Probe  
  113  8:19  Pylon  
  113  8:20  Sentry x3  
  113  8:21  Zealot x5  
  129  8:28  Pylon  
  129  8:29  Pylon  
  129  8:39  Warp Prism  
  129  8:46  Zealot x4  
  129  8:47  Zealot x2  
  131  8:52  Dark Templar x2  
  129  9:02  Archon  
  115  9:14  Zealot x6  
  97  9:35  Stalker x3  
  97  9:36  Stalker x5  
Tags
 
Add a new tag
Caveats
  • Supply blocks, unpowered buildings, or Contaminate may cause inaccurate times.
  • Supply counts are checked every 10 seconds.